 Dungeon Crawl Stone Soup version 0.22.1-1-ga44c0e5 (webtiles) character file.

17 mandick the Insei (level 2, -2/21 HPs)
             Began as a Demonspawn Transmuter on Sept 30, 2018.
             Slain by a frilled lizard (3 damage)
             ... on level 2 of the Dungeon.
             The game lasted 00:02:10 (523 turns).

mandick the Insei (Demonspawn Transmuter)            Turns: 523, Time: 00:02:10

Health: -2/21      AC:  2    Str: 10    XL:     2   Next: 44%
Magic:  5/5        EV: 12    Int: 14    God:
Gold:   66         SH:  0    Dex: 13    Spells: 4/5 levels left

rFire    . . .     SeeInvis .     - Unarmed
rCold    . . .     Gourm    .   (no shield)
rNeg     . . .     Faith    .   b - +0 robe
rPois    .         Spirit   .   (no helmet)
rElec    .         Reflect  .   (no cloak)
rCorr    .         Harm     +   (no gloves)
MR       .....                  (boots currently unavailable)
Stlth    ++........             g - amulet of harm
HPRegen  0.07/turn              (no ring)
MPRegen  0.09/turn              (no ring)

@: appendage (expiring), flying
A: talons 3, nightstalker 1
a: End Transformation


You were on level 2 of the Dungeon.
You were not hungry.
You had grown temporary talons.
You visited 1 branch of the dungeon, and saw 2 of its levels.

You collected 66 gold pieces.

Inventory:

Missiles
 a - 12 arrows
Armour
 b - a +0 robe (worn)
Jewellery
 g - an amulet of harm (around neck)
Scrolls
 c - a scroll of fear {unknown}
 e - a scroll of remove curse {unknown}
 h - a scroll of fog {unknown}
 i - a scroll of identify {unknown}
 j - a scroll of teleportation {unknown}
Comestibles
 d - a ration
 f - 3 chunks of flesh


   Skills:
 + Level 1.4 Fighting
 + Level 2.0 Dodging
 + Level 2.9 Unarmed Combat
 - Level 2.0 Spellcasting
 + Level 2.1 Transmutations


You had 4 spell levels left.
You knew the following spells:

 Your Spells              Type           Power        Failure   Level  Hunger
a - Beastly Appendage     Tmut           #.....       10%         1    ##.....

Your spell library contained the following spells:

 Spells                   Type           Power        Failure   Level  Hunger
 Sticks to Snakes         Tmut           #.......     16%         2    ###....
 Spider Form              Tmut/Pois      #.........   43%         3    ####...
 Ice Form                 Ice/Tmut       #.......     83%         4    #####..
 Blade Hands              Tmut           #.........   95%         5    ######.


Dungeon Overview and Level Annotations

Branches:
Dungeon (1/15)

Altars:


Innate Abilities, Weirdness & Mutations

You are slightly more attuned to the shadows.
You have claws for feet.


Message History

The frilled lizard bites you.
You see here a rat corpse.
The frilled lizard bites you.
You barely miss the frilled lizard. Your kick misses the frilled lizard.
The leopard gecko bites you.
* * * LOW HITPOINT WARNING * * *
The frilled lizard barely misses you. The leopard gecko bites you.
* * * LOW HITPOINT WARNING * * *
You closely miss the frilled lizard. The frilled lizard misses you.
The leopard gecko closely misses you.
You miss the frilled lizard. Your kick misses the frilled lizard.
The frilled lizard barely misses you. The leopard gecko barely misses you.
You miss the frilled lizard. The frilled lizard bites you.
* * * LOW HITPOINT WARNING * * *
The leopard gecko bites you but does no damage.
It was a potion of flight.
You feel very buoyant.
You fly up into the air.
The leopard gecko closely misses you. The frilled lizard bites you.
You die...

#...#.# #### .....
###.... ..... ..
.......##...#..b
.........#.....
#...##.....#
#...#....#...# ..
##...........
....###l@#...#....
.......l.##.##.#...
....##.........##.#
.. ####.####.$ ..
## #


You could see a leopard gecko and a frilled lizard.

Vanquished Creatures
  A worm (D:2)
  A dart slug (D:1)
  2 bats (D:1)
  A goblin (D:1)
  3 hobgoblins (D:1)
  A quokka (D:2)
  A frilled lizard (D:1)
  2 rats
12 creatures vanquished.

Notes
Turn   | Place    | Note
-------+----------+-------------------------------------------
     0 | D:1      | mandick the Demonspawn Transmuter began the quest for the
                  | Orb.
     0 | D:1      | Reached XP level 1. HP: 15/15 MP: 3/3
   421 | D:1      | Gained mutation: You are slightly more attuned to the
                  | shadows. [demonic ancestry]
   421 | D:1      | Reached XP level 2. HP: 21/21 MP: 3/5
   497 | D:1      | You fall through a shaft!
   522 | D:2      | HP: 1/21 [frilled lizard (1)]
   523 | D:2      | Slain by a frilled lizard

Skill      XL: |  1 |
---------------+----+-----
Dodging        | 2 |  2.0
Transmutations | 2 |  2.1
Fighting       | |  1.4
Unarmed Combat | |  2.9
Spellcasting   | |  2.0

Action                   || total
-------------------------++-------
Melee: Unarmed           ||    44
       Kick              ||     7
       Headbutt          ||     2
 Cast: Beastly Appendage ||     7
  Use: Potion            ||     1
 Stab: Sleeping          ||     2
Armor: Robe              ||    12
Dodge: Dodged            ||    37
